 Dungeon Crawl Stone Soup version 0.30-a0-509-gd016549fea (webtiles) character file.

Game seed: 2212930485822601903

1767 demibob the Spear-Bearer (level 8, -3/63 HPs)
             Began as a Demonspawn Chaos Knight on Dec 23, 2022.
             Was a Plaything of Xom.
             Hit by a javelin thrown by a centaur (8 damage)
             ... in a bailey.
             The game lasted 00:10:09 (5234 turns).

demibob the Spear-Bearer (Demonspawn Chaos Knight)  Turns: 5234, Time: 00:10:10

Health: -3/63      AC: 11    Str: 14    XL:     8   Next: 80%
Magic:  0/8        EV: 11    Int: 18    God:    Xom [*.....]
Gold:   274        SH:  0    Dex: 11    Spells: 7/7 levels left

rFire   . . .      SeeInvis +    a - +0 trident (vorpal)
rCold   . . .      Faith    .    (no shield)
rNeg    . . .      Spirit   +    b - +2 leather armour
rPois   +          Reflect  .    (no helmet)
rElec   .          Harm     .    (no cloak)
rCorr   .          Rampage  .    q - +1 pair of gloves
Will    +....                    (no boots)
Stlth   +.........               s - amulet of guardian spirit
HPRegen 0.30/turn                v - ring of see invisible
MPRegen 0.11/turn                L - ring of flight

@: flying, hasted, unable to drink, very quick
A: slimy green scales 3, demonic guardian 1, clever 1, strong-willed 1, robust
1, inability to drink after injury 1
a: Renounce Religion


You were in a bailey.
You worshipped Xom.
You were a special plaything of Xom.
You visited 1 branch of the dungeon, and saw 7 of its levels.
You also visited: Bailey.

You collected 274 gold pieces.


Innate Abilities, Weirdness & Mutations

You are completely covered in slimy green scales. (AC +4, rPois)
A weak demonic guardian rushes to your aid.
Your mind is acute. (Int +4, Str/Dex -1)
You are strong-willed. (Will+)
You are robust. (+10% HP)
You occasionally lose the ability to drink potions when taking damage.


   Skills:
 - Level 3.0 Fighting
 + Level 10.0 Polearms
 - Level 1.7 Armour
 - Level 0.8 Dodging
 + Level 4.2 Evocations


You had 7 spell levels left.
You didn't know any spells.
Your spell library contained the following spells:

 Spells                   Type           Power      Damage    Failure   Level
 Slow                     Hex            0%         N/A       26%         1
 Blink                    Tloc           0%         N/A       38%         2
 Call Canine Familiar     Summ           0%         N/A       63%         3
 Confusing Touch          Hex            0%         N/A       63%         3
 Dazzling Flash           Conj/Hex       0%         N/A       63%         3
 Portal Projectile        Hex/Tloc       0%         N/A       63%         3
 Vampiric Draining        Necr           0%         2d6       63%         3
 Leda's Liquefaction      Hex/Erth       0%         N/A       95%         4
 Agony                    Necr           0%         N/A       100%        5
 Silence                  Hex/Air        0%         N/A       100%        5

Inventory:

Hand Weapons
 a - a +0 vorpal trident (weapon)
 l - a +0 spear of protection
Missiles
 f - 3 curare-tipped darts {=f}
 p - 6 poisoned darts
Armour
 b - a +2 leather armour (worn)
 q - a +1 pair of gloves (worn)
Jewellery
 n - an amulet of magic regeneration
 s - an amulet of guardian spirit (around neck)
 v - a ring of see invisible (left hand)
 C - a ring of ice
 L - a ring of flight (right hand)
Wands
 t - a wand of light (5)
 y - a wand of paralysis (5)
Scrolls
 d - 2 scrolls of teleportation {@r2}
 j - 2 scrolls of amnesia
 m - 2 scrolls of identify {@r1}
Potions
 e - 2 potions of flight
 g - 2 potions of mutation
 o - a potion of brilliance
 r - a potion of cancellation
 u - 2 potions of ambrosia
 w - a potion of resistance
 x - a potion of might
Miscellaneous
 c - a piece from Xom's chessboard (15/15) (quivered)

Dungeon Overview and Level Annotations

Branches:
Dungeon (7/15)             Temple (0/1) D:6          Bailey (1/1)

Altars:
Ashenzari
Sif Muna
Trog

▒▒▒▒▒▒▒▒▒ ▒▒≈≈≈≈≈≈≈▒▒
▒▒≈≈≈...≈≈≈▒▒
▒▒▒▒▒▒≈≈⌠.....⌠≈≈▒▒▒▒
▒▒$▒≈≈≈≈.........≈≈≈≈▒
▒▒..▒......≈≈≈≈≈).....▒
▒≈..▒.....≈≈...≈≈.....▒
▒≈..c5.≈.≈≈.≈.≈.≈≈.≈..+
▒≈..▒.≈@)≈.≈≈.≈≈.≈.≈≈.▒
▒≈.c▒.≈.≈≈.≈...≈.≈≈.≈.▒
▒≈..▒.≈.≈.≈≈...≈≈.≈.≈.▒
▒≈..▒.≈.≈.≈.⌠∩⌠.≈)≈.≈.▒
▒≈.o▒.≈.≈.≈..∩..≈)≈.≈.▒
▒≈..▒.≈.≈.≈.⌠∩⌠.≈.≈.≈)▒
▒≈..▒.≈.≈.≈≈...≈≈.≈)≈.▒
▒≈..▒.≈.≈≈.≈...≈.≈≈.≈)▒
▒≈..▒.≈≈.≈.≈≈≈≈≈.≈.≈≈.▒


You could see a centaur (ally target) and a friendly shadow imp (summoned).


Message History

You feel yourself speed up. The centaur barely misses you.
The centaur kicks you but does no damage.
The orc closely misses you. The centaur hits you with a +0 halberd.
* * * LOW HITPOINT WARNING * * *
The centaur kicks you but does no damage.
You hit the centaur.
The centaur is severely wounded.
The orc hits you but does no damage. The centaur hits you with a +0 halberd.
* * * LOW HITPOINT WARNING * * *
The centaur kicks you but does no damage.
You completely miss the centaur.
The centaur is severely wounded.
You hit the centaur but do no damage.
The centaur is severely wounded.
The centaur hits you with a +0 halberd!
You feel threatened and lose the ability to drink potions!
* * * LOW HITPOINT WARNING * * *
A demonic guardian appears!
The centaur kicks you but does no damage.
The orc misses you. The centaur attacks as you move away!
The centaur hits you with a +0 halberd.
* * * LOW HITPOINT WARNING * * *
The centaur kicks you but does no damage.
The centaur barely misses you.
The centaur throws a javelin.
The javelin pierces through you but does no damage.
The centaur throws a javelin.
The javelin pierces through your shadow imp.
The javelin pierces through you!
You die...

Skill      XL: |  1  2  3  4  5  6  7  8 |
---------------+-------------------------+-----
Polearms       | 3 4 5 6 7 9 10 | 10.0
Evocations     | 4 |  4.2
Fighting       | |  3.0
Armour         | |  1.7
Dodging        | |  0.8

Action                   |  1- 3 |  4- 6 |  7- 9 || total
-------------------------+-------+-------+-------++-------
Melee: Spear             |   133 |   216 |    49 ||   398
       Kick              |       |    54 |    27 ||    81
       Punch             |       |     2 |     7 ||     9
       Headbutt          |       |    15 |    23 ||    38
       Trident           |       |       |   198 ||   198
Evoke: Wand              |       |     3 |     4 ||     7
  Use: Scroll            |     1 |    18 |     4 ||    23
       Potion            |       |     2 |     5 ||     7
 Stab: Paralysed         |     3 |       |       ||     3
       Sleeping          |       |     1 |       ||     1
       Invisible         |       |       |     1 ||     1
Armor: Leather armour    |    43 |    67 |    83 ||   193
Dodge: Dodged            |    37 |    81 |   120 ||   238

Levels and vault maps discovered:
D:1:      heliophobic_arrival_battle_scene, layout_basic
D:2:      kennysheep_six_static_rooms, layout_rooms, small_statue_intersection
D:3:      layout_rooms, minmay_stone_trees_medium, minmay_hedge_maze
D:4:      layout_rooms, ashenzari_altar_1, serial_corexii_hall,
          chequers_hall_statues_corner_a, corexii_hall_statues_s
D:5:      layout_loops_ring, nzn_overflow_gifts_of_might_and_magic,
          nicolae_tso_swordbearing_angel, nicolae_concentric_dashed_squares_mild
D:6:      layout_basic, minmay_temple_entry_stoned_glass
D:7:      layout_loops_cross, nicolae_overflow_hallway_of_the_gods,
          mainiacjoe_overflow_small_starburst, enter_bailey_3
Bailey:   bailey_polearm_flooded_kennysheep, bailey

Notes
Turn   | Place    | Note
-------+----------+-------------------------------------------
     0 | D:1      | demibob the Demonspawn Chaos Knight began the quest for the
                  | Orb.
     0 | D:1      | Reached XP level 1. HP: 18/18 MP: 1/1
    59 | D:1      | XOM: divination: detect items
    66 | D:1      | Reached skill level 3 in Polearms
    94 | D:1      | Gained mutation: You are partially covered in slimy green
                  | scales. (AC +2) [demonic ancestry]
    94 | D:1      | Reached XP level 2. HP: 24/24 MP: 2/2
   223 | D:1      | XOM: silly message
   541 | D:1      | Gained mutation: You are mostly covered in slimy green
                  | scales. (AC +3) [demonic ancestry]
   541 | D:1      | Reached XP level 3. HP: 29/29 MP: 3/3
   816 | D:2      | Reached skill level 4 in Polearms
   928 | D:2      | XOM: silly message
  1033 | D:2      | XOM: god gift: scroll labelled LYEMYE LONAIFE {god gift}
  1079 | D:2      | XOM: divine lightning
  1085 | D:2      | Reached XP level 4. HP: 27/35 MP: 4/4
  1346 | D:2      | XOM: give mutations
  1346 | D:2      | Gained mutation: You have hidden genetic potential. [Xom's
                  | mischief]
  1346 | D:2      | Gained mutation: You have sharp toenails. [Xom's mischief]
  1346 | D:2      | Gained mutation: You occasionally lose the ability to drink
                  | potions when taking damage. [Xom's mischief]
  1866 | D:3      | XOM: give mutations
  1866 | D:3      | Gained mutation: You are robust. (+10% HP) [Xom's grace]
  1866 | D:3      | Gained mutation: You have a pair of small horns on your
                  | head. [Xom's grace]
  1866 | D:3      | Gained mutation: Your mind is acute. (Int +4, Str/Dex -1)
                  | [Xom's grace]
  2063 | D:4      | Noticed an ogre
  2066 | D:4      | Killed an ogre
  2067 | D:4      | Reached skill level 5 in Polearms
  2067 | D:4      | Reached XP level 5. HP: 45/45 MP: 5/5
  2087 | D:4      | Gained mutation: You are strong-willed. (Will+) [hidden
                  | potential]
  2102 | D:4      | Found a broken altar of Ashenzari.
  2160 | D:4      | XOM: potion effect (invisibility)
  2167 | D:4      | Reached skill level 6 in Polearms
  2168 | D:4      | Identified a potion of resistance
  2303 | D:4      | Gained mutation: You are completely covered in slimy green
                  | scales. (AC +4, rPois) [demonic ancestry]
  2303 | D:4      | Reached XP level 6. HP: 38/51 MP: 6/6
  2439 | D:4      | Gained mutation: You are very robust. (+20% HP) [hidden
                  | potential]
  2439 | D:4      | Lost mutation: You have hidden genetic potential. [hidden
                  | potential expressed]
  2555 | D:4      | XOM: polymorph iguana -> wolf
  2559 | D:4      | XOM: enchant monster (bad)
  2564 | D:4      | XOM: noise
  2578 | D:4      | Reached skill level 7 in Polearms
  2822 | D:5      | Entered Level 5 of the Dungeon
  2855 | D:5      | Reached XP level 7. HP: 46/62 MP: 7/7
  3082 | D:5      | Found a bloodstained altar of Trog.
  3082 | D:5      | XOM: noise
  3105 | D:5      | XOM: fog
  3112 | D:5      | Reached skill level 8 in Polearms
  3148 | D:5      | Found a shimmering blue altar of Sif Muna.
  3152 | D:5      | Got Sif Muna's Precepts of Translocation
  3396 | D:5      | XOM: enchant monster (bad)
  3410 | D:5      | Reached skill level 9 in Polearms
  3410 | D:5      | Gained mutation: A weak demonic guardian rushes to your
                  | aid. [demonic ancestry]
  3410 | D:5      | Reached XP level 8. HP: 69/69 MP: 8/8
  3701 | D:5      | XOM: give mutations
  3701 | D:5      | Gained mutation: You occasionally lose the ability to read
                  | scrolls when taking damage. [Xom's mischief]
  3701 | D:5      | Lost mutation: You have sharp toenails. [Xom's mischief]
  3983 | D:6      | XOM: give mutations
  3983 | D:6      | Lost mutation: You are very robust. (+20% HP) [Xom's
                  | mischief]
  3983 | D:6      | Lost mutation: You have a pair of small horns on your head.
                  | [Xom's mischief]
  3983 | D:6      | Lost mutation: You occasionally lose the ability to read
                  | scrolls when taking damage. [Xom's mischief]
  4042 | D:6      | Reached skill level 1 in Evocations
  4167 | D:6      | Found a staircase to the Ecumenical Temple.
  4189 | D:6      | Reached skill level 2 in Evocations
  4242 | D:6      | XOM: confusion
  4253 | D:6      | XOM: enchant monster (bad)
  4425 | D:6      | Reached skill level 3 in Evocations
  4425 | D:6      | XOM: noise
  4767 | D:7      | XOM: enchant monster (bad)
  4784 | D:7      | Found a flagged portal.
  4795 | Bailey   | XOM: stealth player
  4795 | Bailey   | Entered a bailey
  4837 | Bailey   | Reached skill level 4 in Evocations
  4900 | Bailey   | XOM: potion effect (brilliance)
  4905 | Bailey   | Reached skill level 10 in Polearms
  5233 | Bailey   | HP: 4/63 [centaur/+0 halberd (3)]
  5234 | Bailey   | Hit by a javelin thrown by a centaur

Vanquished Creatures
  2 ice beasts (D:6)
  2 orc warriors
  A black bear (D:5)
  2 ogres
  A wolf (D:4)
  A centaur (Bailey)
  A phantom (D:6)
  A bullfrog (D:6)
  4 scorpions
  2 howler monkeys (D:5)
  A jelly (D:5)
  2 orc priests
  2 hounds
  2 iguanas
  4 orc wizards
  A gnoll (D:2)
  5 adders
  2 ufetubi
  2 worms
  5 dart slugs
  21 orcs
  An endoplasm (D:1)
  5 giant cockroaches
  10 goblins
  7 hobgoblins
  3 jackals (D:2)
  8 kobolds
  2 quokkas
  5 ball pythons
  5 bats
  2 frilled lizards (D:1)
  4 rats
  A bush (D:3)
117 creatures vanquished.

Vanquished Creatures (collateral kills)
  A jelly (D:5)
  A worm (D:2)
2 creatures vanquished.

Vanquished Creatures (others)
  2 gnolls (D:2)
  An adder (D:2)
  A quokka (D:4)
4 creatures vanquished.

Grand Total: 123 creatures vanquished

Table legend: (Time is in decaauts)
 A = Elapsed time spent in this place.
 B = Non-inter-level travel time spent in this place.
 C = Inter-level travel time spent in this place.
 D = Time resting spent in this place.
 E = Time spent auto-exploring this place.
 F = Levels seen in this place.
 G = Mean time per level.
                   A        B        C        D        E       F      G
               +--------+--------+--------+--------+--------+-----+--------+
         Total |   5140 |   4990 |    150 |    435 |   3501 |   8 |  642.5 |
       Dungeon |   4718 |   4568 |    150 |    165 |   3478 |   7 |  674.0 |
        Bailey |    422 |    422 |      0 |    270 |     23 |   1 |  422.0 |
               +--------+--------+--------+--------+--------+-----+--------+

Top non-repeatable levels by time:
     D:5: 984 daAuts
     D:6: 900 daAuts
     D:1: 782 daAuts
     D:4: 757 daAuts
     D:2: 700 daAuts
     D:3: 554 daAuts
  Bailey: 422 daAuts
     D:7: 39 daAuts

Table legend:
 A = Non-vault XP
 B = Vault XP
 C = Vault XP percentage of total XP
 D = Non-vault monster count
 E = Vault monster count
 F = Vault count percentage of total count
                 A         B        C        D         E       F
            +---------+---------+-------+---------+---------+-------
      Total |    2178 |     347 |  13.7 |      97 |      23 |  19.2
            +---------+---------+-------+---------+---------+-------
        D:1 |      42 |       0 |   0.0 |      23 |       0 |   0.0
        D:2 |      61 |      30 |  33.0 |      13 |       6 |  31.6
        D:3 |      21 |       0 |   0.0 |      12 |       0 |   0.0
        D:4 |     531 |       0 |   0.0 |      20 |       0 |   0.0
        D:5 |     689 |     168 |  19.6 |      16 |       2 |  11.1
        D:6 |     665 |       0 |   0.0 |      10 |       0 |   0.0
        D:7 |     169 |       7 |   4.0 |       3 |       4 |  57.1
     Bailey |       0 |     142 | 100.0 |       0 |      11 | 100.0
            +---------+---------+-------+---------+---------+-------
